 Dungeon Crawl Stone Soup version 0.29-a0-925-g0a7a3d12f8 (webtiles) character file.

Game seed: 5246909502209427117

73 Garessta the Caller (level 4, 0/27 HPs)
             Began as an Octopode Summoner on July 29, 2022.
             Succumbed to Ijyb's poison
             ... on level 3 of the Dungeon.
             The game lasted 00:05:39 (3012 turns).

Garessta the Caller (Octopode Summoner)             Turns: 3012, Time: 00:05:40

Health: 0/27       AC:  1    Str:  7    XL:     4   Next: 27%
Magic:  8/8        EV: 13    Int: 19    God:
Gold:   145        SH:  0    Dex: 12    Spells: 0/9 levels left

rFire   . . .      SeeInvis .   o - +3 woodcutter's axe {vorpal}
rCold   . . .      Faith    .   (shield currently unavailable)
rNeg    . . .      Spirit   .   (helmet restricted)
rPois   .          Reflect  .   (no amulet)
rElec   .          Harm     .   (no ring)
rCorr   .          Rampage  .   (no ring)
Will    .....                   (no ring)
Stlth   +++.......              (no ring)
HPRegen 0.09/turn               (no ring)
MPRegen 0.11/turn               (no ring)
                                (no ring)
                                (no ring)

@: lethally poisoned (0 -> -9), attractive, very slightly contaminated
A: almost no armour, amphibious, 8 rings, camouflage 1, gelatinous body 1,
(nimble swimmer 1), tentacles
a: no special abilities


You were on level 3 of the Dungeon.
You visited 1 branch of the dungeon, and saw 3 of its levels.

You collected 145 gold pieces.

Inventory:

Hand Weapons
 c - a +0 dagger
 o - the +3 woodcutter's axe (weapon) {vorpal}
   (You found it on level 2 of the Dungeon)

   It inflicts extra damage upon your enemies.
Armour
 h - a +0 tower shield
Scrolls
 b - a scroll of teleportation {unknown}
 f - 4 scrolls of vulnerability {unknown}
 i - a scroll of fear {unknown}
 l - 4 scrolls of identify {unknown}
 m - a scroll of poison {unknown}
Potions
 a - 3 potions of magic
 d - a potion of ambrosia
 e - a potion of resistance {unknown}
 g - a potion of flight {unknown}
 j - a potion of curing
 k - 2 potions of attraction
 n - a potion of mutation {unknown}
 p - a potion of haste {unknown}


   Skills:
 - Level 2.0 Dodging
 - Level 2.6 Stealth
 + Level 3.2 Spellcasting
 + Level 0.1 Hexes
 + Level 4.8 Summonings


You couldn't memorise any spells.
You knew the following spells:

 Your Spells              Type           Power      Damage    Failure   Level
a - Call Canine Familiar  Summ           21%        N/A       6%          3
b - Summon Guardian Gole  Hex/Summ       12%        N/A       16%         3
c - Summon Small Mammal   Summ           84%        N/A       1%          1
d - Call Imp              Summ           21%        N/A       3%          2

Your spell library contained the following spells:

 Spells                   Type           Power      Damage    Failure   Level
 Summon Lightning Spire   Summ/Air       12%        N/A       50%         4


Dungeon Overview and Level Annotations

Branches:
Dungeon (3/15)

Altars:
Hepliaklqana

Annotations:
D:3 Ijyb


Innate Abilities, Weirdness & Mutations

You cannot wear most types of armour.
You are amphibious.
You can wear up to eight rings at the same time.
Your skin changes colour to match your surroundings (Stealth+).
Your rubbery body absorbs attacks. (AC +1, EV +1)
((You are camouflaged when in or above water. (Stealth+)))
You have tentacles for arms and can constrict up to eight enemies at once.


Message History

You feel very sick.
Send 'em back where they came from!
Your hound disappears in a puff of smoke!
You barely miss Ijyb. Your grab misses Ijyb.
Ijyb is moderately wounded.
You feel very sick.
Ijyb hits you with a +4 dagger of venom.
The nameless horror hits your white imp.
Your white imp's magic leaks into the air.
It was a potion of attraction.
You feel attractive to monsters.
* * * LOW HITPOINT WARNING * * *
You feel sick. Ijyb completely misses you.
Your white imp hits the nameless horror but does no damage.
The nameless horror hits your white imp but does no damage.
It was a potion of ambrosia.
You are confused.
You feel invigorated.
You feel sick.
Ijyb hits you with a +4 dagger of venom!
* * * LOW HITPOINT WARNING * * *
You are more poisoned.
Send 'em back where they came from!
Your white imp shudders.
Your white imp hits the nameless horror but does no damage.
It was a potion of curing.
You feel better.
You feel less invigorated. Ijyb screams, "Me kill you!" Ijyb barely misses you.
Send 'em back where they came from!
Your white imp shudders.
Your white imp hits the nameless horror but does no damage.
Ijyb attacks as you move away!
Ijyb hits you with a +4 dagger of venom.
* * * LOW HITPOINT WARNING * * *
You are lethally poisoned!
* * * LOW HITPOINT WARNING * * *
You feel very sick.
Your white imp's magic is no longer disrupted.
* * * LOW HITPOINT WARNING * * *
You feel very sick.
Unknown command.
You die...

############
#########..........#
#.X5g.@..<.........###
########.##############.#...#
.........# ..#.#.#.#
.......5.# #.#.#...#
..........# #.#.#.####
.####.....# ##.#'#.....
#...... #......)†## #........
#.......#..
#....#......####...†...#.≈


You could see a nameless horror (distracted), Ijyb (ally target) and a friendly
white imp (summoned).

Vanquished Creatures
  A worm (D:3)
  A ball python (D:1)
  5 endoplasms
  2 giant cockroaches
  3 goblins
  5 hobgoblins
  2 quokkas
  4 bats
  A frilled lizard (D:1)
  3 kobolds
  A rat (D:2)
28 creatures vanquished.

Vanquished Creatures (collateral kills)
  2 gnolls (D:2)
  2 bats
  2 endoplasms
  2 giant cockroaches
  4 hobgoblins (D:1)
  A kobold (D:1)
  A quokka (D:3)
  3 frilled lizards
  2 rats
19 creatures vanquished.

Grand Total: 47 creatures vanquished

Notes
Turn   | Place    | Note
-------+----------+-------------------------------------------
     0 | D:1      | Garessta the Octopode Summoner began the quest for the Orb.
     0 | D:1      | Reached XP level 1. HP: 11/11 MP: 3/3
   411 | D:1      | Reached XP level 2. HP: 14/17 MP: 0/5
  1080 | D:1      | Reached XP level 3. HP: 21/21 MP: 3/6
  1083 | D:1      | Learned a level 2 spell: Call Imp
  1087 | D:1      | Learned a level 3 spell: Call Canine Familiar
  2120 | D:2      | Reached XP level 4. HP: 27/27 MP: 3/8
  2171 | D:2      | Noticed a gnoll sergeant
  2171 | D:2      | Found the +3 woodcutter's axe {vorpal}
  2205 | D:1      | Learned a level 3 spell: Summon Guardian Golem
  2372 | D:2      | Found a faded altar of an unknown god.
  2781 | D:3      | Found a hazy altar of Hepliaklqana.
  2934 | D:3      | Noticed Ijyb
  3003 | D:3      | Noticed a nameless horror
  3012 | D:3      | Succumbed to Ijyb's poison

Illustrated notes

Levels and vault maps discovered:
D:1:      spicycebolla_arrival_xxxplode, layout_rooms
D:2:      layout_rooms, shapermc_ecumenical_altar_venn,
          pf_guarded_unrand_woodcutter
D:3:      layout_basic, mainiacjoe_overflow_paths, serial_shops,
          nicolae_shop_waterfront, hangedman_abyss_or_decor_stabs,
          grunt_decor_fettered, uniq_ijyb

Skill      XL: |  1  2  3 |
---------------+----------+-----
Spellcasting   | 3 |  3.2
Dodging        | |  2.0
Stealth        | |  2.6
Hexes          | |  0.1
Summonings     | |  4.8

Action                   |  1- 3 |  4- 6 || total
-------------------------+-------+-------++-------
Melee: Unarmed           |    10 |       ||    10
       Constrict         |    18 |     2 ||    20
       Dagger            |    54 |       ||    54
       Tentacles         |     8 |     1 ||     9
       Punch             |     1 |       ||     1
       Battleaxe         |       |     6 ||     6
 Cast: Summon Small Mamm |    27 |     1 ||    28
       Call Imp          |     8 |     1 ||     9
       Call Canine Famil |     5 |     8 ||    13
  Use: Potion            |       |     3 ||     3
 Stab: Sleeping          |     5 |     1 ||     6
       Distracted        |     1 |       ||     1
Armor: Skin              |    11 |       ||    11
Dodge: Dodged            |    49 |     5 ||    54

Table legend: (Time is in decaauts)
 A = Elapsed time spent in this place.
 B = Non-inter-level travel time spent in this place.
 C = Inter-level travel time spent in this place.
 D = Time resting spent in this place.
 E = Time spent auto-exploring this place.
 F = Levels seen in this place.
 G = Mean time per level.
                   A        B        C        D        E       F      G
               +--------+--------+--------+--------+--------+-----+--------+
         Total |   2998 |   2920 |     78 |    198 |   2282 |   3 |  999.3 |
       Dungeon |   2998 |   2920 |     78 |    198 |   2282 |   3 |  999.3 |
               +--------+--------+--------+--------+--------+-----+--------+

Top non-repeatable levels by time:
     D:1: 1646 daAuts
     D:2: 1093 daAuts
     D:3: 258 daAuts
